 Dungeon Crawl Stone Soup version 0.18-a0-1526-gcb34c7c (webtiles) character file.

2009 dvd the Ruffian (level 9, -4/88 HPs)
             Began as a Troll Monk on Mar 8, 2016.
             Was a Believer of Yredelemnul.
             Killed from afar by a polar bear (21 damage)
             ... with an exploding inner flame
             ... hexed by the player character
             ... on level 7 of the Dungeon.
             The game lasted 00:17:29 (4676 turns).

dvd the Ruffian (Troll Monk)                        Turns: 4676, Time: 00:17:32

Health: -4/88      AC: 11    Str: 22    XL:     9   Next: 2%
Magic:  8/8        EV: 13    Int:  6    God:    Yredelemnul [**....]
Gold:   564        SH:  0    Dex: 13    Spells: 0 memorised, 8 levels left

rFire  . . .     SeeInvis +       - Unarmed
rCold  . . .     Gourm    +     a - +0 robe
rNeg   . . .     Faith    .     (no shield)
rPois  .         Spirit   .     (helmet restricted)
rElec  .         Dismiss  .     t - +1 cloak
rCorr  .         Reflect  .     (gloves unavailable)
SustAt .         Harm     .     (boots unavailable)
MR     .....                    (no amulet)
Stlth  ++........               (no ring)
                                p - ring of see invisible

@: not resistant to hostile enchantments, unstealthy
A: unfitting armour, claws 3, rough black scales 1, see invisible, fast
metabolism 3, gourmand, regeneration 2, screaming 1, shaggy fur 1, tough skin 2
a: Animate Remains, Recall Undead Slaves, Injury Mirror, Renounce Religion


You were on level 7 of the Dungeon.
You worshipped Yredelemnul.
Yredelemnul was pleased with you.
You were not hungry.

You visited 2 branches of the dungeon, and saw 8 of its levels.
You also visited: Sewer.

You collected 564 gold pieces.

Inventory:

Hand Weapons
 u - a +5 quarterstaff of chaos
Missiles
 C - 4 tomahawks (quivered)
Armour
 a - a +0 robe (worn)
 t - a +1 cloak (worn)
Jewellery
 p - a ring of see invisible (left claw)
 w - an uncursed amulet of faith {unknown}
Wands
 m - a wand of enslavement (6/24)
 v - a wand of confusion (36/48)
 x - a wand of acid (11/15)
 y - a wand of disintegration (8/24)
 A - a wand of slowing (17/48)
Scrolls
 c - 6 scrolls of identify
 d - 2 scrolls of enchant weapon
 j - a scroll of amnesia
 r - 4 scrolls of recharging
 s - a scroll of immolation
Potions
 e - 6 potions of curing
 f - a potion of flight
 g - a potion of brilliance
 i - a potion of lignification
 q - a potion of ambrosia
Books
 h - a book of Clouds

   Spells                             Type                      Level
   a - Mephitic Cloud                 Conjuration/Poison/Air       3
   b - Conjure Flame                  Conjuration/Fire             3
   c - Poisonous Cloud                Conjuration/Poison/Air       6
   d - Freezing Cloud                 Conjuration/Ice/Air          6
   e - Ring of Flames                 Charms/Fire                  7
Comestibles
 b - 6 bread rations
 k - 2 meat rations
 n - 6 fruits
 z - a slice of pizza
 B - 2 beef jerkies


   Skills:
 + Level 5.0 Fighting
 + Level 7.0 Dodging
 - Level 1.4 Stealth
 + Level 7.9 Unarmed Combat
 + Level 0.3 Invocations


You had 8 spell levels left.
You didn't know any spells.

Dungeon Overview and Level Annotations

Branches:
Dungeon (7/15)             Temple (1/1) D:5

Altars:
Ashenzari
Cheibriados
Elyvilon
Gozag
Kikubaaqudgha
Makhleb
Nemelex Xobeh
Okawaru
Pakellas
Sif Muna
Vehumet
Xom
Yredelemnul
Zin
The Shining One


Innate Abilities, Weirdness & Mutations

You are too large for most types of armour.
You have claws for hands.
Your metabolism is lightning-fast.
You like to eat raw meat.
You heal very quickly.
You are covered in fur (AC +1).
You have very tough skin (AC +2).
You are partially covered in rough black scales (AC +4, Dex -1).
You have supernaturally acute eyesight.
You occasionally shout uncontrollably at your foes.


Message History

The wolf closely misses you. The hog bites you.
* * * LOW HITPOINT WARNING * * *
Drink which item? (? for menu, Esc to quit)
You feel better. The wolf bites you but does no damage.
The polar bear bites you!
* * * LOW HITPOINT WARNING * * *
The polar bear claws you but does no damage. x2
The hog closely misses you.
The polar bear bites you but does no damage.
The polar bear misses you. The polar bear barely misses you.
The polar bear closely misses you. The polar bear barely misses you.
The polar bear claws you but does no damage.
The wolf closely misses you.
You claw the wolf!
The wolf explodes!
The fiery explosion engulfs the polar bear.
The polar bear explodes!
The fiery explosion engulfs you!
You die...
Your body rises from the dead as a mindless zombie.

#...'.....#..
#...'.....#..
#...'.....#..
########.))h.....##.
#......#..h#h)...##.
#......#..)#Y....##.
#......#...########.
#..hh..##.####### #.
#.§@hhY##.......# ##
#.§§§hhh........####
####hhh..........#..
#hh...........#..
####.............).(
#......####......#()
#..........#....).(.
#..........#.....)..
#.........(.........


You could see 6 polar bears, a yak (inner flame), 2 hogs, a black bear (inner
flame) and 3 hounds.

Vanquished Creatures
  Sigmund (D:4)
  A hungry ghost (D:7)
  Duvessa (D:4)
  2 ice beasts
  Purgy (Sewer)
  4 ogres
  A phantom (D:6)
  A centaur (D:7)
  A giant frog (D:6)
  A big kobold (D:7)
  A gnoll sergeant (D:3)
  Dowan (D:4)
  3 crimson imps
  A quasit (D:5)
  Crazy Yiuf (D:2)
  A hound (D:7)
  An orc priest (D:3)
  An iguana (D:4)
  3 worker ants
  An orc wizard (D:7)
  5 adders
  8 gnolls
  A shadow imp (D:3)
  4 worms
  2 dart slugs (D:3)
  6 giant geckos
  4 orcs
  10 giant cockroaches
  8 goblins
  11 hobgoblins
  19 jackals
  A quokka (D:6)
  6 bats
  A giant gecko skeleton (D:4)
  7 giant newts
  14 kobolds
  A quokka skeleton (D:6)
  6 rats
  A fungus (D:2)
143 creatures vanquished.

Vanquished Creatures (collateral kills)
  A kobold (D:7)
1 creature vanquished.

Vanquished Creatures (others)
  A big kobold zombie (D:7)
  3 jackal zombies (D:7)
  A kobold zombie (D:7)
5 creatures vanquished.

Grand Total: 149 creatures vanquished

Notes
Turn   | Place    | Note
--------------------------------------------------------------
     0 | D:1      | dvd the Troll Monk began the quest for the Orb.
     0 | D:1      | Reached XP level 1. HP: 22/22 MP: 0/0
    67 | D:1      | Reached XP level 2. HP: 29/29 MP: 1/1
   302 | D:1      | Reached XP level 3. HP: 36/36 MP: 2/2
   511 | D:2      | Reached XP level 4. HP: 30/44 MP: 3/3
   593 | D:2      | Found an ancient bone altar of Kikubaaqudgha.
   624 | D:2      | Found a shattered altar of Ashenzari.
   771 | D:2      | Reached skill level 5 in Unarmed Combat
  1101 | D:2      | Noticed Crazy Yiuf
  1106 | D:2      | Killed Crazy Yiuf
  1178 | D:3      | Reached XP level 5. HP: 50/52 MP: 4/4
  1324 | D:3      | Reached XP level 6. HP: 46/61 MP: 5/5
  1881 | D:4      | Noticed Dowan
  1886 | D:4      | Noticed Duvessa
  1898 | D:4      | Killed Duvessa
  1901 | D:4      | Reached XP level 7. HP: 34/67 MP: 6/6
  1903 | D:4      | Killed Dowan
  2225 | D:4      | Found a glowing drain.
  2255 | Sewer    | Entered a sewer
  2313 | Sewer    | Noticed Purgy
  2320 | Sewer    | Killed Purgy
  2320 | Sewer    | Reached skill level 5 in Dodging
  2456 | D:4      | Noticed Sigmund
  2467 | D:4      | Killed Sigmund
  2602 | D:5      | Entered Level 5 of the Dungeon
  2833 | D:5      | Found an opulent altar of Gozag.
  2937 | D:5      | Found a staircase to the Ecumenical Temple.
  2946 | Temple   | Entered the Ecumenical Temple
  3261 | Temple   | Became a worshipper of Yredelemnul the Dark
  3261 | Temple   | Reached * piety under Yredelemnul
  3261 | Temple   | Reached ** piety under Yredelemnul
  3347 | D:5      | Reached XP level 8. HP: 21/78 MP: 7/7
  3604 | D:5      | Gained mutation: You are partially covered in rough black scales (AC +4, Dex -1). [potion of mutation]
  3604 | D:5      | Gained mutation: You have supernaturally acute eyesight. [potion of mutation]
  3604 | D:5      | Gained mutation: You occasionally shout uncontrollably at your foes. [potion of mutation]
  4517 | D:7      | Reached skill level 5 in Fighting
  4579 | D:7      | Reached XP level 9. HP: 85/88 MP: 8/8
  4614 | D:7      | Found a huge runed gate.
  4614 | D:7      | Found a huge runed gate.
  4614 | D:7      | Found a huge runed gate.
  4614 | D:7      | Found a huge runed gate.
  4614 | D:7      | Noticed a polar bear
  4614 | D:7      | Noticed a polar bear
  4615 | D:7      | Noticed a polar bear
  4615 | D:7      | Noticed a polar bear
  4615 | D:7      | Noticed a polar bear
  4615 | D:7      | Noticed a polar bear
  4617 | D:7      | Noticed a polar bear
  4676 | D:7      | Killed a polar bear
  4676 | D:7      | Killed from afar by a polar bear

Vault maps used:
D:1:      minmay_arrival_four_houses, patterned_corridor
D:2:      lemuel_crystal_altar, evilmike_ruin_ashenzari, uniq_crazy_yiuf_cottage
D:3:      first_bread
D:4:      portal_sewer_entry_f, serial_bayou_lake_a, uniq_duvessa, uniq_sigmund
D:5:      grunt_gozag_statues, minmay_temple_entry_enclosed_plants
D:7:      lemuel_bear_cage, gammafunk_temple_overflow_pools, water_maze_lemuel
Temple:   oiseaux_autumnal_temple_12
Sewer:    kennysheep_door_sewer

Skill      XL: |  1  2  3  4  5  6  7  8 |
---------------+-------------------------+-----
Dodging        | 3 4 5 7 |  7.0
Unarmed Combat | 5 6 7 |  7.9
Fighting       | 3 4 5 |  5.0
Stealth        | |  1.4
Invocations    | |  0.3

Action                   |  1- 3 |  4- 6 |  7- 9 || total
-------------------------+-------+-------+-------++-------
Melee: Unarmed           |    79 |   191 |   191 ||   461
Invok: Animate Remains   |       |       |     6 ||     6
  Use: Scroll            |       |       |    11 ||    11
       Potion            |       |       |    13 ||    13
 Stab: Sleeping          |     1 |     1 |     3 ||     5
       Distracted        |       |       |     1 ||     1
  Eat: Chunk             |     1 |    22 |    24 ||    47
       Meat ration       |       |       |     1 ||     1
